 Dungeon Crawl Stone Soup version 0.30-a0-634-g8abc85282e (webtiles) character file.

Game seed: 7358478739794763990

238791 Zonian the Fighter (level 19, -15/101 (107) HPs)
             Began as a Vine Stalker Brigand on Jan 13, 2023.
             Was an Initiate of Gozag.
             Demolished by an alligator (18 damage)
             ... on level 2 of the Swamp on Jan 14, 2023.
             The game lasted 01:55:13 (41938 turns).

Zonian the Fighter (Vine Stalker Brigand)          Turns: 41938, Time: 01:55:14

HP:   -15/101 (107) AC: 26    Str: 19    XL:     19   Next: 73%
MP:   0/34          EV: 21    Int: 18    God:    Gozag
Gold: 5207          SH:  0    Dex: 28    Spells: 27/38 levels left

rFire   + . .      SeeInvis +    F - +8 longbow "Zephyr" {speed, Dex+3 SInv}
rCold   . . .      Faith    .    (shield currently unavailable)
rNeg    . . .      Spirit   +    V - +5 scale mail of Insecurity {rElec Regen+ Str+2}
rPois   +          Reflect  .    K - +2 helmet {Int+3}
rElec   +          Harm     .    c - +0 cloak
rCorr   +          Rampage  .    J - +4 pair of gloves "Qupru" {rPois SInv}
Will    ++...                    W - +2 pair of boots {Stlth+}
Stlth   +++++++                  (no amulet)
HPRegen 1.96/turn                R - ring of Wykhlait {rF+ EV+5}
MPRegen 0.24/turn                E - ring of Emeroa {rCorr Int+2 Dex+6 Stlth+}

@: drained
A: fangs 3, regeneration 1, magic shield, antimagic bite, no potion heal 2
}: 1/15 runes: gossamer
a: Renounce Religion, Potion Petition, Call Merchant, Bribe Branch


You were on level 2 of the Swamp.
You worshipped Gozag.
Gozag was greatly pleased with you.
You visited 6 branches of the dungeon, and saw 29 of its levels.
You also visited: Ossuary.

You collected 11335 gold pieces.
You spent 2820 gold pieces at shops.
You paid 3308 gold pieces to Gozag.

Inventory:

Hand Weapons
 y - the +6 mace "Borrucy" {antimagic, rElec Dex+2}
   (You found it on level 10 of the Dungeon)

   Dex:       It affects your dexterity (+2).
   rElec:     It insulates you from electricity.
 A - the +8 short sword of Checkmate {elec, +Blink rElec rPois rF- rN+}
   (You found it on level 13 of the Dungeon)

   rF:        It makes you vulnerable to fire.
   rElec:     It insulates you from electricity.
   rPois:     It protects you from poison.
   rN:        It protects you from negative energy.
   +Blink:    It lets you blink.
 F - the +8 longbow "Zephyr" (weapon) {speed, Dex+3 SInv}
   (You found it on level 9 of the Dungeon)

   Dex:       It affects your dexterity (+3).
   SInv:      It lets you see invisible.
 Z - the +11 morningstar of Indomitability {drain, Str+3}
   (You found it on level 5 of the Lair of Beasts)

   Str:       It affects your strength (+3).
Missiles
 d - 76 poisoned darts
 e - 5 curare-tipped darts
 n - 24 boomerangs
 u - 2 throwing nets
 D - 2 boomerangs of dispersal
Armour
 c - a +0 cloak (worn)
 J - the +4 pair of gloves "Qupru" (worn) {rPois SInv}
   (You found it on level 13 of the Dungeon)

   rPois:     It protects you from poison.
   SInv:      It lets you see invisible.
 K - a +2 helmet of intelligence (worn)
 V - the +5 scale mail of Insecurity (worn) {rElec Regen+ Str+2}
   (You bought it in a shop on level 2 of the Orcish Mines)

   Str:       It affects your strength (+2).
   rElec:     It insulates you from electricity.
   Regen:     It increases your rate of health regeneration.
 W - a +2 pair of boots of stealth (worn)
 X - the +1 robe of the Bells {Str+4 Slay+3}
   (You bought it in a shop on level 4 of the Lair of Beasts)

   Str:       It affects your strength (+4).
   Slay:      It affects your accuracy & damage with ranged weapons and melee
   (+3).
Jewellery
 g - a +4 ring of protection
 E - the ring of Emeroa (right hand) {rCorr Int+2 Dex+6 Stlth+}
   (You acquired it on level 7 of the Dungeon)

   [ring of dexterity]

   Int:       It affects your intelligence (+2).
   Dex:       It affects your dexterity (+6).
   rCorr:     It protects you from acid and corrosion.
   Stlth:     It makes you more stealthy.
 R - the ring of Wykhlait (left hand) {rF+ EV+5}
   (You found it on level 10 of the Dungeon)

   [ring of evasion]

   EV:        It affects your evasion (+5).
   rF:        It protects you from fire.
Wands
 b - a wand of mindburst (9)
 i - a wand of digging (7)
 H - a wand of paralysis (20)
 N - a wand of flame (18)
 Q - a wand of roots (13)
 T - a wand of quicksilver (6)
Scrolls
 l - a scroll of silence
 m - a scroll of enchant armour
 o - 2 scrolls of butterflies
 p - 4 scrolls of fear
 q - 2 scrolls of fog
 s - 5 scrolls of immolation
 t - 2 scrolls of vulnerability
 x - 6 scrolls of teleportation
 B - 5 scrolls of magic mapping
 M - a scroll of brand weapon
 P - 6 scrolls of poison
 Y - a scroll of amnesia
Potions
 a - 5 potions of ambrosia
 f - 9 potions of mutation
 h - 13 potions of lignification
 j - 12 potions of curing
 r - 6 potions of flight
 v - 8 potions of haste
 w - a potion of brilliance
 z - 6 potions of might
 C - 2 potions of cancellation
 G - 4 potions of magic
 L - 12 potions of invisibility
 O - 3 potions of resistance
 S - 2 potions of berserk rage
Miscellaneous
 U - a condenser vane


   Skills:
 - Level 14.5 Fighting
 - Level 10.6 Short Blades
 - Level 11.1 Ranged Weapons
 - Level 2.4 Throwing
 + Level 7.2 Armour
 - Level 7.8 Dodging
 - Level 14.4 Stealth
 - Level 10.0 Spellcasting
 - Level 8.0 Hexes
 - Level 5.0 Translocations
 - Level 6.4 Air Magic
 + Level 9.8 Poison Magic
 - Level 6.7 Evocations


You had 27 spell levels left.
You knew the following spells:

 Your Spells              Type           Power      Damage    Failure   Level
a - Poisonous Vapours     Pois/Air       76%        N/A       1%          2
b - Portal Projectile     Hex/Tloc       64%        N/A       4%          3
c - Blink                 Tloc           54%        N/A       4%          2
d - Olgreb's Toxic Radia  Pois           44%        N/A       3%          4

Your spell library contained the following spells:

 Spells                   Type           Power      Damage    Failure   Level
 Apportation              Tloc           54%        N/A       2%          1
 Sting                    Tmut/Pois      100%       1d8       2%          1
 Tukima's Dance           Hex            37%        N/A       2%          3
 Cigotuvi's Dreadful Rot  Necr/Pois/Air  56%        N/A       3%          2
 Swiftness                Air            32%        N/A       4%          3
 Ensorcelled Hibernation  Hex/Ice        46%        N/A       6%          2
 Mephitic Cloud           Conj/Pois/Air  28%        N/A       7%          3
 Lesser Beckoning         Tloc           54%        N/A       8%          3
 Momentum Strike          Conj/Tloc      36%        3d9       11%         2
 Foxfire                  Conj/Fire      36%        2x1d5     21%         1
 Magic Dart               Conj           36%        1d4       21%         1
 Sandblast                Erth           18%        2d7       21%         1
 Manifold Assault         Tloc           27%        N/A       26%         4
 Passage of Golubria      Tloc           27%        N/A       26%         4
 Call Imp                 Summ           9%         N/A       30%         2
 Passwall                 Tmut/Erth      7%         N/A       30%         2
 Leda's Liquefaction      Hex/Erth       11%        N/A       36%         4
 Hailstorm                Conj/Ice       9%         3d4       52%         3
 Stone Arrow              Conj/Erth      18%        3d8       52%         3
 Alistair's Intoxication  Tmut/Pois      17%        N/A       58%         5
 Yara's Violent Unravell  Hex/Tmut       11%        3d6       73%         5
 Animate Armour           Summ/Erth      18%        N/A       90%         4
 Dispel Undead            Necr           9%         3d8       90%         4
 Ice Form                 Ice/Tmut       9%         N/A       90%         4
 Blade Hands              Tmut           4%         N/A       99%         5
 Fireball                 Conj/Fire      4%         3d4       99%         5
 Lee's Rapid Deconstruct  Erth           4%         3d5*      99%         5
 Dispersal                Tloc           13%        N/A       99%         6
 Death Channel            Necr           4%         N/A       100%        6
 Starburst                Conj/Fire      4%         6d4       100%        6
 Statue Form              Tmut/Erth      6%         N/A       100%        6
 Borgnjor's Revivificati  Necr           4%         N/A       100%        8
 Disjunction              Tloc           13%        N/A       100%        8
 Lehudib's Crystal Spear  Conj/Erth      4%         10d3      100%        8
 Necromutation            Tmut/Necr      4%         N/A       100%        8
 Chain Lightning          Conj/Air       10%        3d13      100%        9
 Death's Door             Necr           4%         N/A       100%        9
 Fire Storm               Conj/Fire      4%         8d1       100%        9
 Shatter                  Erth           4%         3d8*      100%        9
 Simulacrum               Ice/Necr       Unusable   N/A       N/A         6

Dungeon Overview and Level Annotations

Branches:
Dungeon (15/15)            Temple (1/1) D:7            Lair (5/5) D:9
  Swamp (2/4) Lair:3       Spider (4/4) Lair:2        Slime (0/5) Lair:4
    Orc (2/2) D:10            Elf (0/3) Orc:2        Vaults (0/5) D:13
 Depths (0/4) D:15        Ossuary (visited)

Altars:
Cheibriados
Dithmenos
Elyvilon
Fedhas
Gozag
Hepliaklqana
Kikubaaqudgha
Makhleb
Nemelex Xobeh
Okawaru
Qazlal
Ru
Sif Muna
Trog
Uskayaw
Vehumet
Wu Jian
Xom
Zin
The Shining One
Jiyva

Shops:
D:1 :!   D:3 !   Orc:1 :   Orc:2 [*[*!   Lair:4 [   Swamp:1 ?   Spider:3 *

Portals:
Trove: D:14 (give +5 demon blade)

Annotations:
D:6 Pikel
D:10 2 transporters, exclusion: ice statue, themarg's ghost, journeyman GnTm
Spider:2 Budewn's ghost, journeyman TrBe


Innate Abilities, Weirdness & Mutations

You have razor-sharp teeth.
Your natural rate of healing is unusually fast.
When hurt, damage is shared between your health and your magic reserves.
Your bite disrupts and absorbs the magic of your enemies.
Potions cannot restore your health.


Message History

Aim: an alligator (purple smoke, heavily wounded, covering ground quickly, 80% to hit)
You shoot an arrow. The arrow hits the alligator.
The alligator is heavily wounded.
The alligator bites you but does no damage.
The alligator tail-slaps you but does no damage.
Unknown command.
Nothing appears to happen.
The alligator bites you.
* * * LOW HITPOINT WARNING * * *
The alligator closely misses you.
Casting: Portal Projectile (mildly dangerous; 4% risk of failure)
Confirm with . or Enter, or press ? or * to list all spells.
Okay, then.
Okay, then.
Fire: F) +8 longbow "Zephyr" {speed, Dex+3 SInv}
Press: ? - help, Q - select action, (/) - cycle Shift-Dir - straight line, f - thorn hunter, p - alligator
Aim: a thorn hunter (purple smoke, severely damaged, 80% to hit)
You shoot an arrow. The arrow hits the thorn hunter.
The thorn hunter is severely damaged.
The alligator bites you.
* * * LOW HITPOINT WARNING * * *
The alligator tail-slaps you but does no damage.
The thorn hunter completely misses you. The thorn hunter misses you.
Fire: F) +8 longbow "Zephyr" {speed, Dex+3 SInv}
Press: ? - help, Q - select action, (/) - cycle Shift-Dir - straight line, f/p - thorn hunter
Aim: a thorn hunter (purple smoke, severely damaged, 80% to hit)
You shoot an arrow. The arrow hits the thorn hunter.
The thorn hunter is almost destroyed.
The alligator bites you but does no damage.
The alligator barely misses you.
Fire: F) +8 longbow "Zephyr" {speed, Dex+3 SInv}
Press: ? - help, Q - select action, (/) - cycle Shift-Dir - straight line, f/p - thorn hunter
Aim: a thorn hunter (purple smoke, almost destroyed, 80% to hit)
You shoot an arrow. The arrow hits the thorn hunter!
The thorn hunter is almost destroyed.
The thorn hunter fires a volley of thorns at you.
The volley of thorns hits you!!!
* * * LOW HITPOINT WARNING * * *
The alligator bites you!!
You die...
Your body crumbles into a pile of gold.

♣ ♣♣ ♣ $ ♣P♣♣P♣P
♣~.§§§♣ ♣~♣..§§§♣
♣.~~..§§@♣ ♣.~~~~§ft♣
♣♣.~..~§§§♣ ~~
♣♣~.~~.§§..♣ §~~
♣.~~..~:..♣♣ ....
♣~~~.~~~.♣ §~~.♣
♣...$t...♣♣♣♣♣
~~~~~♣♣~~f§.~~~♣..~♣♣
♣~.~.~♣.§~♣~~~~~~.§~♣


You could see a thorn hunter and an alligator (swift).

Vanquished Creatures
  Nikola (Swamp:2)
  A sphinx (D:13)
  Kirke (Spider:2)
  3 emperor scorpions (Spider:4)
  8 ghost moths
  A stone giant (D:15)
  2 broodmothers
  5 bunyips (Swamp:1)
  2 spark wasps
  A dire elephant (Lair:5)
  An ettin (D:13)
  Josephine (Orc:2)
  2 entropy weavers
  A fire dragon (D:13)
  9 hydras
  Harold (D:11)
  Erica (D:11)
  2 jorogumos
  4 radroaches
  A ghost crab (Swamp:1)
  5 centaur warriors
  A merfolk avatar (Lair:5)
  5 two-headed ogres
  7 boulder beetles
  3 tengu warriors
  2 alligators
  5 orc high priests (Orc:2)
  3 spriggans (Swamp:1)
  A skeletal warrior (D:13)
  5 pharaoh ants
  A goliath frog (Swamp:1)
  An iron troll (D:13)
  9 orb spiders
  5 bog bodies
  A sea snake (Lair:5)
  A sun moth (Spider:4)
  6 steelbarb worms (Spider:2)
  2 swamp dragons (Swamp:1)
  A mana viper (shapeshifter) (D:13)
  A lindwurm (Lair:5)
  A phantasmal warrior (D:13)
  6 deep elf pyromancers
  A harpy (Lair:5)
  An oklob plant (Lair:5)
  A will-o-the-wisp (Swamp:1)
  12 ugly things
  7 manticores
  8 orc knights
  3 cyclopes (D:13)
  22 wolf spiders
  Joseph (D:8)
  4 moths of wrath
  A guardian serpent (shapeshifter) (D:13)
  11 black mambas
  9 demonic crawlers
  18 elephants
  8 torpor snails
  A gargoyle (D:12)
  7 cane toads
  2 efreet
  17 rime drakes
  4 kobold demonologists
  An unseen horror (D:13)
  2 freezing wraiths (D:14)
  An unseen horror (shapeshifter) (D:13)
  6 komodo dragons
  3 meliai (Spider:4)
  9 trolls
  3 polar bears
  Grinder (D:6)
  A wolf spider simulacrum (D:14)
  37 tarantellas
  A wind drake (Lair:5)
  11 hornets
  14 blink frogs
  13 dream sheep
  42 jumping spiders
  Sigmund (D:6)
  25 culicivoras
  9 wyverns
  A shadow (D:13)
  48 yaks
  6 wraiths
  5 basilisks (Lair:5)
  Grum (D:9)
  2 hogs (Spider:2)
  2 steam dragons (Lair:5)
  A golden eye (shapeshifter) (D:13)
  51 redbacks
  5 vampire mosquitoes
  2 wargs
  Edmund (D:4)
  4 swamp worms
  2 hell hounds (Lair:2)
  11 water moccasins
  2 sky beasts (D:7)
  A black bear (shapeshifter) (D:13)
  10 black bears
  29 orc warriors
  A swamp drake (Swamp:1)
  18 centaurs
  18 wolves
  6 ogres
  9 bullfrogs
  Blork the orc (D:5)
  8 kobold brigands
  6 scorpions
  A necrophage (D:4)
  4 wights (D:9)
  4 killer bees (D:9)
  5 electric eels
  3 howler monkeys
  A vampire bat (D:9)
  4 hounds
  6 jellies
  4 centaur zombies (Ossuary)
  35 orc priests
  A gnoll bouda (D:10)
  An iguana (D:5)
  22 orc wizards
  13 hell rats (Lair:5)
  5 mummies (Ossuary)
  10 gnolls
  9 adders
  A white imp (D:6)
  4 ufetubi
  3 worms
  3 dart slugs
  99 orcs
  6 ball pythons
  2 bats
  3 bat skeletons (D:9)
  2 bat zombies (D:9)
  9 endoplasms
  4 giant cockroaches
  4 goblins
  4 hobgoblins
  4 jackals (D:1)
  8 quokkas
  2 frilled lizards
  2 hobgoblin zombies (Ossuary)
  44 kobolds
  4 rats
1025 creatures vanquished.

Vanquished Creatures (others)
  A cane toad (Lair:4)
  A dream sheep (Lair:1)
  4 humans (Spider:2)
  6 foxfires (Swamp:2)
  10 fungi
  63 plants
85 creatures vanquished.

Grand Total: 1110 creatures vanquished

Notes
Turn   | Place    | Note
-------+----------+-------------------------------------------
     0 | D:1      | Zonian the Vine Stalker Brigand began the quest for the
                  | Orb.
     0 | D:1      | Reached XP level 1. HP: 11/11 MP: 2/2
   222 | D:1      | Reached skill level 1 in Dodging
   222 | D:1      | Reached XP level 2. HP: 13/15 MP: 1/3
   279 | D:1      | Found Notonuamo's Book Emporium.
   294 | D:1      | Reached skill level 5 in Stealth
   315 | D:1      | Found Puj Dazao's Distillery.
   412 | D:1      | Reached XP level 3. HP: 18/18 MP: 4/4
   994 | D:2      | Gained mutation: Your natural rate of healing is unusually
                  | fast. [Vine Stalker growth]
   994 | D:2      | Reached XP level 4. HP: 22/23 MP: 5/5
   995 | D:2      | Found a faded altar of an unknown god.
  1648 | D:3      | Found Yxefip's Distillery.
  2594 | D:4      | Noticed an ogre
  2607 | D:4      | Killed an ogre
  2608 | D:4      | Reached XP level 5. HP: 14/27 MP: 6/6
  2746 | D:4      | Reached XP level 6. HP: 32/32 MP: 7/7
  2749 | D:4      | Found a shadowy altar of Dithmenos.
  2939 | D:4      | Noticed Edmund
  3431 | D:4      | Killed Edmund
  3432 | D:4      | Reached XP level 7. HP: 19/36 MP: 3/8
  3552 | D:4      | Found a shimmering blue altar of Sif Muna.
  3552 | D:4      | Found a faded altar of an unknown god.
  3560 | D:4      | Found a faded altar of an unknown god.
  3564 | D:4      | Found a glowing golden altar of the Shining One.
  3567 | D:4      | Found an ornate altar of the Wu Jian Council.
  3819 | D:5      | Entered Level 5 of the Dungeon
  4155 | D:5      | Gained mutation: You have razor-sharp teeth. [Vine Stalker
                  | growth]
  4155 | D:5      | Reached XP level 8. HP: 42/42 MP: 9/9
  4172 | D:5      | Found a sand-covered staircase.
  4189 | Ossuary  | Entered an ossuary
  4633 | D:5      | Noticed Blork the orc
  4653 | D:5      | Killed Blork the orc
  4654 | D:5      | Reached skill level 5 in Fighting
  4812 | D:5      | Reached skill level 5 in Short Blades
  5108 | D:6      | Noticed Sigmund
  5121 | D:6      | Reached XP level 9. HP: 42/47 MP: 7/10
  5123 | D:6      | Killed Sigmund
  5330 | D:6      | Noticed Grinder
  5348 | D:6      | Killed Grinder
  5642 | D:6      | Identified the +0 scale mail of Efyjo {rC- rN+ Dex+2}
  5668 | D:6      | Reached skill level 5 in Dodging
  5678 | D:6      | Noticed a troll
  5682 | D:6      | Killed a troll
  5806 | D:6      | Found a white marble altar of Elyvilon.
  5929 | D:6      | Noticed Pikel
  6050 | D:7      | Found a staircase to the Ecumenical Temple.
  6138 | Temple   | Entered the Ecumenical Temple
  6293 | D:7      | Reached skill level 10 in Stealth
  6328 | D:7      | Reached XP level 10. HP: 49/53 MP: 11/11
  6387 | D:7      | Identified a scroll of acquirement
  6388 | D:7      | Acquired the ring of Emeroa {rCorr Int+2 Dex+6 Stlth+}
  6690 | D:7      | Found a sacrificial altar of Ru.
  6690 | D:7      | Found an iron altar of Okawaru.
  6861 | D:8      | Noticed Joseph
  7079 | D:8      | Found a snail-covered altar of Cheibriados.
  7388 | D:8      | Found a radiant altar of Vehumet.
  7637 | D:8      | Killed Joseph
  7772 | D:8      | Noticed a two-headed ogre
  7782 | D:8      | Killed a two-headed ogre
  8120 | D:9      | Found a sparkling altar of Nemelex Xobeh.
  8126 | D:9      | Noticed Grum
  8135 | D:9      | Killed Grum
  8215 | D:9      | Reached XP level 11. HP: 62/62 MP: 12/12
  8772 | D:9      | Found a staircase to the Lair.
  8774 | D:9      | Found the +8 longbow "Zephyr" {speed, Dex+3 SInv}
  9084 | D:9      | Found an ancient bone altar of Kikubaaqudgha.
  9190 | D:9      | Found an opulent altar of Gozag.
  9200 | D:9      | Became a worshipper of Gozag Ym Sagoz the Greedy
  9215 | D:10     | Entered Level 10 of the Dungeon
  9251 | Lair:1   | Entered Level 1 of the Lair of Beasts
  9258 | Lair:1   | Acquired 358 gold pieces
  9458 | Lair:1   | Reached XP level 12. HP: 67/67 MP: 13/13
  9535 | Lair:1   | Found a bloodstained altar of Trog.
  9550 | Lair:1   | Reached skill level 10 in Fighting
  9550 | Lair:1   | Reached skill level 10 in Short Blades
 10536 | Lair:2   | Found a hole to the Spider Nest.
 10706 | Lair:2   | Found a dark tunnel.
 10740 | Lair:2   | Identified the +1 ring mail "Ehas" {Str+4}
 11670 | D:1      | Bought a potion of haste for 120 gold pieces
 11670 | D:1      | Bought a potion of cancellation for 96 gold pieces
 11670 | D:1      | Bought a potion of berserk rage for 60 gold pieces
 11737 | D:3      | Bought a potion of curing for 42 gold pieces
 11737 | D:3      | Bought 2 potions of might for 112 gold pieces
 11737 | D:3      | Bought a potion of haste for 140 gold pieces
 11737 | D:3      | Bought a potion of magic for 112 gold pieces
 11737 | D:3      | Bought a potion of haste for 140 gold pieces
 12314 | Lair:3   | Reached XP level 13. HP: 46/74 MP: 14/14
 12993 | Lair:3   | Learned a level 2 spell: Poisonous Vapours
 13294 | Lair:3   | Reached skill level 1 in Spellcasting
 13898 | Lair:3   | Reached skill level 1 in Ranged Weapons
 13899 | Lair:3   | Found a staircase to the Swamp.
 14794 | Lair:4   | Found a staircase to the Slime Pits.
 14794 | Lair:4   | Found a viscous altar of Jiyva.
 15691 | Lair:4   | Identified the +0 leather armour of the Garden {rElec}
 15822 | Lair:4   | Bought a pair of glowing boots for 180 gold pieces
 15827 | Lair:4   | Bought a thick robe for 136 gold pieces
 15827 | Lair:4   | Identified the +1 robe of the Bells {Str+4 Slay+3} (You
                  | bought it in a shop on level 4 of the Lair of Beasts)
 15847 | Lair:5   | Entered Level 5 of the Lair of Beasts
 16046 | Lair:5   | Noticed a dire elephant
 16067 | Lair:5   | Killed a dire elephant
 16068 | Lair:5   | Reached skill level 5 in Spellcasting
 16251 | Lair:5   | Reached XP level 14. HP: 51/81 MP: 21/23
 16522 | Lair:5   | Upgraded the game from 0.30-a0-629-gd54f4be4f7 to
                  | 0.30-a0-632-g346586fe48
 16560 | Lair:5   | Reached skill level 5 in Ranged Weapons
 17657 | Lair:5   | Identified the +11 morningstar of Indomitability {drain,
                  | Str+3}
 17659 | Lair:5   | Identified the +10 trident of Baleful Blind Justice
                  | {freeze, Will+++ Int-3 Dex+6 Stlth-}
 19361 | D:10     | Found a staircase to the Orcish Mines.
 19595 | D:10     | Identified the +6 mace "Borrucy" {antimagic, rElec Dex+2}
 19618 | D:10     | Found a transporter.
 19619 | D:10     | Noticed themarg's ghost (journeyman GnTm)
 19623 | D:10     | Found a transporter.
 19780 | D:10     | Identified the ring of Wykhlait {rF+ EV+5}
 20064 | D:10     | Reached XP level 15. HP: 87/87 MP: 28/28
 20474 | D:11     | You fall into a shaft and drop 1 floor!
 21687 | D:11     | Noticed Erica
 21693 | D:11     | Killed Erica
 21786 | D:11     | Noticed Harold
 21803 | D:11     | Killed Harold
 22839 | D:13     | Identified the +4 pair of gloves "Qupru" {rPois SInv}
 22982 | D:13     | Found a gate to the Vaults.
 23437 | D:13     | Noticed a sphinx
 23538 | D:13     | Paralysed by a sphinx for 2 turns
 23540 | D:13     | Killed a sphinx
 23672 | D:13     | Identified the +8 short sword of Checkmate {elec, +Blink
                  | rElec rPois rF- rN+}
 23926 | D:13     | Reached skill level 10 in Spellcasting
 24219 | D:14     | Learned a level 3 spell: Portal Projectile
 24437 | D:14     | Reached XP level 16. HP: 93/93 MP: 31/31
 24438 | D:14     | Acquired 576 gold pieces
 24588 | D:14     | Found a portal to a secret trove of treasure.
 25084 | D:15     | Entered Level 15 of the Dungeon
 25379 | D:15     | Reached XP level 17. HP: 98/98 MP: 32/32
 25816 | D:15     | Found a staircase to the Depths.
 26070 | D:15     | Reached skill level 5 in Hexes
 26070 | D:15     | Reached skill level 5 in Translocations
 26163 | D:15     | Reached skill level 1 in Evocations
 26965 | Orc:1    | Entered Level 1 of the Orcish Mines
 27127 | Orc:1    | Found a shimmering blue altar of Sif Muna.
 27445 | Orc:1    | Found Othrucs's Book Boutique.
 27568 | Orc:2    | Entered Level 2 of the Orcish Mines
 27585 | Orc:2    | Reached XP level 18. HP: 102/102 MP: 33/33
 27641 | Orc:2    | Found a staircase to the Elven Halls.
 27920 | Orc:2    | Noticed Josephine
 27932 | Orc:2    | Killed Josephine
 28270 | Orc:2    | Reached skill level 5 in Evocations
 28882 | Orc:2    | Found Fotwiska's Armour Emporium.
 28886 | Orc:2    | Found Copug's General Store.
 28886 | Orc:2    | Found Vapluzey's Distillery.
 28887 | Orc:2    | Found Cevifiuph's Assorted Antiques.
 28900 | Orc:2    | Bought a scroll of fog for 140 gold pieces
 28903 | Orc:2    | Bought a potion of might for 56 gold pieces
 28903 | Orc:2    | Bought a potion of haste for 140 gold pieces
 28903 | Orc:2    | Bought a potion of berserk rage for 70 gold pieces
 28903 | Orc:2    | Bought a potion of invisibility for 112 gold pieces
 28903 | Orc:2    | Bought a potion of might for 56 gold pieces
 28903 | Orc:2    | Bought a potion of might for 56 gold pieces
 29042 | Orc:2    | Bought a runed helmet for 180 gold pieces
 29053 | Orc:2    | Bought a dazzling scale mail for 216 gold pieces
 29053 | Orc:2    | Identified the +5 scale mail of Insecurity {rElec Regen+
                  | Str+2} (You bought it in a shop on level 2 of the Orcish
                  | Mines)
 29410 | Spider:1 | Entered Level 1 of the Spider Nest
 29819 | Lair:2   | Reached skill level 1 in Air Magic
 29819 | Lair:2   | Reached skill level 1 in Poison Magic
 30062 | Spider:1 | Reached skill level 1 in Armour
 31465 | Spider:2 | Found a runed translucent door.
 31470 | Spider:2 | Noticed Budewn's ghost (journeyman TrBe)
 31541 | Spider:2 | Noticed Kirke
 31556 | Spider:2 | Killed Kirke
 32012 | Spider:2 | Reached skill level 5 in Poison Magic
 34456 | Spider:3 | Learned a level 2 spell: Blink
 34461 | Spider:3 | Learned a level 4 spell: Olgreb's Toxic Radiance
 34511 | Spider:3 | Reached XP level 19. HP: 90/107 MP: 25/34
 34608 | Spider:3 | Reached skill level 5 in Air Magic
 35149 | Spider:3 | Bought a wand of mindburst (5) for 287 gold pieces
 35149 | Spider:3 | Upgraded the game from 0.30-a0-632-g346586fe48 to
                  | 0.30-a0-634-g8abc85282e
 35160 | Spider:4 | Entered Level 4 of the Spider Nest
 36664 | Spider:4 | Identified the +1 robe of Zaet {Will+}
 36698 | Spider:4 | Reached skill level 5 in Armour
 39534 | Spider:4 | Got a gossamer rune of Zot
 39968 | Swamp:1  | Entered Level 1 of the Swamp
 40310 | Swamp:1  | Bought a scroll of fear for 72 gold pieces
 40310 | Swamp:1  | Bought a scroll of fog for 72 gold pieces
 40310 | Swamp:1  | Bought a scroll of teleportation for 54 gold pieces
 40310 | Swamp:1  | Bought a scroll of silence for 171 gold pieces
 41897 | Swamp:2  | Noticed Nikola
 41915 | Swamp:2  | Killed Nikola
 41938 | Swamp:2  | HP: 3/101 [thorn hunter/volley of thorns (23)]
 41938 | Swamp:2  | Demolished by an alligator

Illustrated notes

Levels and vault maps discovered:
D:1:      psy_arrival_conway, layout_rooms, serial_shops,
          nicolae_shop_statue_plus, shop, minivault_5
D:2:      layout_rooms, shapermc_ecumenical_altar_gd
D:3:      layout_basic, serial_shops, shop, grunt_ministairs_4,
          grunt_decor_resistance
D:4:      layout_loops_ring, grunt_dithmenos_smoke,
          chequers_temple_overflow_minitemple, amcnicky_mini_pool_small,
          grunt_ministairs_2, hangedman_feature_mirror, minmay_three_crescents,
          uniq_edmund
D:5:      layout_basic, enter_ossuary_1, uniq_blork_the_orc
D:6:      layout_loops_ring, mainiacjoe_overflow_surrounded_room,
          hangedman_decor_push, minmay_small_thing, uniq_pikel, uniq_sigmund,
          uniq_grinder
D:7:      layout_basic, gammafunk_temple_overflow_wave,
          minmay_temple_entry_sparse_star
D:8:      layout_cave_pools, nicolae_overflow_hidden_temple,
          mainiacjoe_overflow_alcove_4, serial_rivers,
          chequers_serial_rivers_marsh, chequers_serial_rivers_micro_a,
          chequers_serial_rivers_micro_b, chequers_serial_rivers_room_a,
          chequers_serial_rivers_micro_b, uniq_joseph
D:9:      layout_roguey, lemuel_round_altar, lemuel_tele_altar,
          kennysheep_vampire_church, lair_entry_dummy, uniq_grum
D:10:     layout_loops_corners, hiddenorc2_lemuel, nzn_ghost_randoct
D:11:     layout_long_grid, uniq_harold, uniq_erica
D:12:     layout_stronghold
D:13:     layout_grid_maze, david_vaults_4, kennysheep_four_rooms
D:14:     layout_cave_pods, hangedman_decor_cross_pass,
          nicolae_trove_entry_crossroad, nicolae_titane
D:15:     grunt_enter_depths_snipers, layout_gridville,
          chequers_decorated_corner
Temple:   nicolae_temple_superstar
Lair:1:   layout_cave_pods, basic_altar, grunt_megastairs_3
Lair:2:   layout_misc_corridors, nicolae_spider_entry_lesser_pyramids,
          enter_volcano_3
Lair:3:   layout_layer_cave, nicolae_swamp_entry_splash_gauntlet,
          beast_lair_carwin_10, grunt_megastairs_4
Lair:4:   layout_cave_pods, nicolae_slime_entry_slimehenge, lemuel_fruit_tree,
          grunt_megastairs_5
Lair:5:   gammafunk_lair_ancient_temple, layout_cave_pods, special_room
          [special_room_mythical_zoo], nicolae_quartered_pool_super,
          serial_bayou_shore_a
Swamp:1:  layout_falls_marsh, infiniplex_staircase_pool_2, swamp_pool2,
          nicolae_swamp_bunyip_nook
Swamp:2:  layout_falls_marsh, serial_swamp_ruin, evilmike_swamp_ruin_house_6,
          evilmike_swamp_ruin_house_5, evilmike_swamp_ruin_house_1, swamp_pool5,
          uniq_nikola
Spider:1: layout_spider_delve
Spider:2: layout_cave_pods, hellmonk_ghost_happy_afterlife, uniq_kirke
Spider:3: layout_spider_delve, einodemon_crawler_minivault
Spider:4: spider_rune_water, hellmonk_motheaten_closet
Orc:1:    layout_diamond_mine, serial_shops, nicolae_shop_behind_doors,
          led_sif_book
Orc:2:    st_orc_pillars, layout_caves, mines2_david, uniq_josephine

Skill      XL: |  1  2  3  4  5  6  7  8  9 10 11 12 13 14 15 16 17 18 19 |
---------------+----------------------------------------------------------+-----
Dodging        | 1 2 3 4 5 6 7 |  7.8
Fighting       | 2 3 4 5 6 9 11 12 13 14 | 14.5
Short Blades   | 2 3 4 5 6 9 10 | 10.6
Throwing       | 2 |  2.4
Stealth        | 5 6 7 8 10 11 13 14 | 14.4
Spellcasting   | 5 8 10 | 10.0
Ranged Weapons | 4 7 9 11 | 11.1
Hexes          | 3 4 5 8 |  8.0
Translocations | 3 4 5 |  5.0
Evocations     | 3 6 |  6.7
Air Magic      | 4 6 |  6.4
Poison Magic   | 6 9 |  9.8
Armour         | 4 7 |  7.2

Action                   |  1- 3 |  4- 6 |  7- 9 | 10-12 | 13-15 | 16-18 | 19-21 || total
-------------------------+-------+-------+-------+-------+-------+-------+-------++-------
Melee: Dagger            |    84 |   148 |   315 |   430 |   388 |       |       ||  1365
       Bite              |    13 |    38 |   107 |   177 |   182 |   152 |     4 ||   673
       Punch             |     1 |       |     2 |     4 |     8 |    13 |       ||    28
       Short sword       |       |       |       |       |       |   284 |     7 ||   291
 Fire: Longbow           |       |       |       |       |   780 |  1042 |   681 ||  2503
Throw: Dart              |       |    15 |    19 |    11 |       |       |       ||    45
       Boomerang         |       |       |     8 |     2 |       |     1 |       ||    11
 Cast: Portal Projectile |       |       |       |       |       |     3 |     2 ||     5
       Blink             |       |       |       |       |       |       |     2 ||     2
Invok: Call Merchant     |       |       |       |       |     1 |     1 |     2 ||     4
 Abil: Evoke Blink       |       |       |       |       |       |     2 |     1 ||     3
Evoke: Wand              |       |       |     7 |     4 |    10 |     7 |     6 ||    34
       Condenser vane    |       |       |       |       |     1 |     2 |     2 ||     5
  Use: Scroll            |       |    14 |     5 |    17 |     8 |    13 |     5 ||    62
       Potion            |       |     1 |       |     1 |     2 |     5 |     4 ||    13
 Stab: Sleeping          |     9 |     9 |    12 |    29 |     9 |     2 |       ||    70
       Distracted        |       |       |       |     1 |     5 |     4 |       ||    10
       Confused          |       |       |       |       |     2 |       |       ||     2
       Fleeing           |       |       |       |       |       |     1 |       ||     1
Armor: Robe              |    14 |    24 |   100 |    44 |   119 |    44 |       ||   345
       Scale mail        |       |       |       |       |       |   427 |   250 ||   677
Dodge: Dodged            |    37 |    79 |   215 |   232 |   389 |   728 |   437 ||  2117

Table legend: (Time is in decaauts)
 A = Elapsed time spent in this place.
 B = Non-inter-level travel time spent in this place.
 C = Inter-level travel time spent in this place.
 D = Time resting spent in this place.
 E = Time spent auto-exploring this place.
 F = Levels seen in this place.
 G = Mean time per level.
                   A        B        C        D        E       F      G
               +--------+--------+--------+--------+--------+-----+--------+
         Total |  41296 |  39399 |   1897 |  14652 |  15464 |  30 | 1376.5 |
       Dungeon |  17098 |  16008 |   1090 |   4528 |   7812 |  15 | 1139.9 |
        Temple |    104 |     88 |     16 |      0 |     80 |   1 |  104.0 |
          Lair |  10210 |   9705 |    505 |   3719 |   3899 |   5 | 2042.0 |
         Swamp |   1695 |   1670 |     25 |    977 |    401 |   2 |  847.5 |
   Spider Nest |   9667 |   9466 |    201 |   4752 |   2110 |   4 | 2416.8 |
  Orcish Mines |   2257 |   2198 |     59 |    551 |   1161 |   2 | 1128.5 |
       Ossuary |    262 |    262 |      0 |    122 |      0 |   1 |  262.0 |
               +--------+--------+--------+--------+--------+-----+--------+

Top non-repeatable levels by time:
Spider:4: 4659 daAuts
  Lair:5: 3091 daAuts
Spider:2: 2802 daAuts
  Lair:3: 2504 daAuts
    D:13: 2006 daAuts
  Lair:2: 1643 daAuts
 Swamp:1: 1629 daAuts
   Orc:2: 1604 daAuts
  Lair:4: 1544 daAuts
    D:15: 1542 daAuts
  Lair:1: 1425 daAuts
     D:4: 1386 daAuts
Spider:1: 1358 daAuts
     D:9: 1324 daAuts
     D:8: 1262 daAuts
